 Dungeon Crawl Stone Soup version 0.30.0-29-ga12c61a403 (webtiles) character file.

Game seed: 1167371560317515509

84 ChadusMaximus the Caller (level 4, -1/30 HPs)
             Began as a Barachi Summoner on June 24, 2023.
             Constricted to death by Jessica (2 damage)
             ... on level 2 of the Dungeon.
             The game lasted 00:02:42 (1704 turns).

ChadusMaximus the Caller (Barachi Summoner)         Turns: 1704, Time: 00:02:43

Health: -1/30      AC:  3    Str:  9    XL:     4   Next: 45%
Magic:  1/8        EV:  9    Int: 18    God:
Gold:   67         SH:  0    Dex: 12    Spells: 3/9 levels left

rFire   . . .        i - +1 falchion
rCold   . . .        (no shield)
rNeg    . . .        a - +0 robe
rPois   .            (no helmet)
rElec   .            (no cloak)
rCorr   .            (no gloves)
SInv    .            e - +0 pair of boots
Will    .....        (no amulet)
Stlth   ++           (no ring)
HPRegen 0.25/turn    (no ring)
MPRegen 0.11/turn

%: no passive effects
@: mighty, grasped by roots, slowed, constricted, very slow
A: amphibious, slowness 1, strong legs 1, +LOS
a: Hop


You were on level 2 of the Dungeon.
You visited 1 branch of the dungeon, and saw 2 of its levels.

You collected 67 gold pieces.

Inventory:

Hand Weapons
 i - a +1 falchion (weapon)
Armour
 a - a +0 robe (worn)
 c - a +0 kite shield
 e - a +0 pair of boots (worn)
Scrolls
 d - a scroll of enchant armour
 j - a scroll of vulnerability
 k - a scroll of noise {unknown}
 n - 2 scrolls of identify
Potions
 b - 3 potions of magic
 h - a potion of attraction {unknown}
 m - a potion of mutation {unknown}
 o - 2 potions of brilliance {unknown}


   Skills:
 + Level 3.3 Dodging
 - Level 1.8 Stealth
 + Level 3.1 Spellcasting
 + Level 5.6 Summonings


You had 3 spell levels left.
You knew the following spells:

 Your Spells              Type           Power      Damage    Failure   Level
a - Summon Small Mammal   Summ           92%        N/A       1%          1
b - Call Imp              Summ           46%        N/A       2%          2
c - Call Canine Familiar  Summ           23%        N/A       4%          3

Your spell library contained the following spells:

 Spells                   Type           Power      Damage    Failure   Level
 Sting                    Tmut/Pois      8%         1d3       16%         1
 Summon Guardian Golem    Hex/Summ       13%        N/A       16%         3
 Summon Lightning Spire   Summ/Air       13%        N/A       45%         4
 Conjure Ball Lightning   Conj/Air       1%         3x3d6     100%        6
 Starburst                Conj/Fire      1%         6d3       100%        6


Dungeon Overview and Level Annotations

Branches:
Dungeon (2/15)

Altars:

Annotations:
D:2 Jessica


Innate Abilities, Weirdness & Mutations

You are amphibious.
You cover ground slowly.
You can hop short distances.
You have an extended range of vision and can be seen from far away.


Message History

Jessica hits you with a +0 dagger. The adder bites you but does no damage.
You see here a scroll of identify.
Casting: Call Canine Familiar (dangerous; 4% risk of failure)
Confirm with . or Enter, or press ? or * to list all spells.
You don't know that spell.
As you read the scroll labelled POUX YJOIKO, it crumbles to dust.
It is a scroll of amnesia.
Really abort (and waste the scroll)?
Okay, then.
Your hound bites Jessica.
Jessica hits you with a +0 dagger.
Your hound bites Jessica but does no damage.
The adder bites you. The adder bites you but does no damage.
Jessica barely misses you.
Your hound barely misses Jessica.
The adder bites you.
* * * LOW HITPOINT WARNING * * *
As you read the scroll labelled XUIZIN FENEI, it crumbles to dust.
It is a scroll of enchant weapon.
Your +0 falchion glows red for a moment.
The adder bites you but does no damage.
Jessica zaps a wand.
The roots erupt in riotous growth!
The grasping roots grab you!
The adder is unaffected.
Jessica is unaffected.
The adder is unaffected.
The grasping roots constrict you.
* * * LOW HITPOINT WARNING * * *
Your hound misses Jessica. The adder bites you.
* * * LOW HITPOINT WARNING * * *
A kobold comes into view. It is wielding a +0 club.
Jessica hits you with a +0 dagger.
* * * LOW HITPOINT WARNING * * *
The grasping roots constrict you.
* * * LOW HITPOINT WARNING * * *
The adder bites you but does no damage.
Your hound bites Jessica.
The adder closely misses you.
You hear a shout! x2
It was a potion of might.
You feel very mighty all of a sudden. Jessica hits you with a +0 dagger.
* * * LOW HITPOINT WARNING * * *
The grasping roots constrict you.
You die...

#......................# ##+
#.#####.#####.######..##### ...
#.........#.....#........[###....
#..####.#.#.#.#....######...#....
#.......#.#.#.#..###....###......
#...#####.#.#.#.##.......†.......
#.........#.#...#h.######........
#..########.#..##@## ##.......
#..# #.#..#@.# #....... #..#
#.#..#SS# #....##+ #..# #.#..#..#
#..#.# )..# #.# #..# #..#.# ##.#
#.# ##.# #.##.# #.# #.K ..# .#
#.# ##. ##.# ## ...#


You could see 2 adders, Jessica (fast, ally target), a kobold and a friendly
hound (summoned).

Vanquished Creatures
  A ball python (D:1)
  A bat (D:2)
  2 endoplasms
  A giant cockroach (D:2)
  5 goblins
  4 jackals
  2 quokkas (D:1)
  A frilled lizard (D:2)
  A kobold (D:2)
  5 rats (D:1)
23 creatures vanquished.

Vanquished Creatures (collateral kills)
  Robin (D:2)
  An adder (D:2)
  2 dart slugs (D:1)
  2 bats (D:1)
  2 endoplasms (D:1)
  6 goblins
  5 hobgoblins
  7 jackals
  A ball python (D:1)
  A frilled lizard (D:1)
  A rat (D:2)
29 creatures vanquished.

Grand Total: 52 creatures vanquished

Notes
Turn   | Place    | Note
-------+----------+-------------------------------------------
     0 | D:1      | ChadusMaximus the Barachi Summoner began the quest for the
                  | Orb.
     0 | D:1      | Reached XP level 1. HP: 13/13 MP: 3/3
    44 | D:1      | Reached skill level 5 in Summonings
    44 | D:1      | Reached XP level 2. HP: 11/19 MP: 1/5
   304 | D:1      | Reached XP level 3. HP: 24/24 MP: 4/7
   614 | D:1      | Got Qoicebuy's Annotations on Kinetic Forms
  1129 | D:2      | Found a faded altar of an unknown god.
  1147 | D:2      | Learned a level 2 spell: Call Imp
  1151 | D:2      | Learned a level 3 spell: Call Canine Familiar
  1246 | D:2      | Noticed Robin
  1250 | D:2      | Reached XP level 4. HP: 29/30 MP: 8/8
  1264 | D:2      | Killed Robin
  1678 | D:2      | Noticed Jessica
  1704 | D:2      | HP: 1/30 [Jessica/+0 dagger (2)]
  1704 | D:2      | Constricted to death by Jessica

Illustrated notes

Levels and vault maps discovered:
D:1:      dpeg_arrival_ratfight, layout_rooms, patterned_corridor
D:2:      layout_basic, basic_ecumenical_altar, minmay_randomly_rotated_circles,
          uniq_crazy_yiuf_cottage, uniq_jessica, uniq_robin

Skill      XL: |  1  2  3 |
---------------+----------+-----
Summonings     | 5 |  5.6
Dodging        | 3 |  3.3
Spellcasting   | 3 |  3.1
Stealth        | |  1.8

Action                     |  1- 3 |  4- 6 || total
---------------------------+-------+-------++-------
  Melee: Unarmed           |    21 |       ||    21
         Falchion          |    58 |    19 ||    77
   Cast: Summon Small Mamm |    29 |       ||    29
         Call Imp          |       |     3 ||     3
         Call Canine Famil |       |     3 ||     3
Ability: Hop               |     1 |       ||     1
    Use: Scroll            |       |     4 ||     4
         Potion            |       |     1 ||     1
   Stab: Distracted        |     1 |       ||     1
         Sleeping          |     1 |     1 ||     2
 Armour: Robe              |    33 |    13 ||    46
  Dodge: Dodged            |   114 |    17 ||   131
